 Dungeon Crawl Stone Soup version 0.21-a0-552-g593960d (webtiles) character file.

102 slep the Chopper (level 4, 0/33 HPs)
             Began as a Demonspawn Gladiator on Dec 17, 2017.
             Succumbed to a worker ant's poison
             ... on level 4 of the Dungeon.
             The game lasted 00:06:59 (2343 turns).

slep the Chopper (Demonspawn Gladiator)             Turns: 2343, Time: 00:07:00

Health: 0/33       AC:  5    Str: 14    XL:     4   Next: 49%
Magic:  13/13      EV:  8    Int: 10    God:
Gold:   122        SH: 11    Dex: 15    Spells: 3/3 levels left

rFire    . . .     SeeInvis .   v - +2 hand axe (chop)
rCold    . . .     Gourm    .   t - +0 large shield (curse)
rNeg     . . .     Faith    .   w - -2 leather armour (curse)
rPois    .         Spirit   .   c - +0 helmet
rElec    .         Reflect  .   (no cloak)
rCorr    .         Harm     .   (no gloves)
MR       .....                  i - +0 pair of boots
Stlth    +.........             (no amulet)
HPRegen  0.11/turn              p - ring of magical power
MPRegen  0.13/turn              (no ring)

@: lethally poisoned (0 -> -7)
A: talons 1, molten scales 1
a: no special abilities


You were on level 4 of the Dungeon.
You were hungry.

You visited 1 branch of the dungeon, and saw 4 of its levels.

You collected 122 gold pieces.

Inventory:

Hand Weapons
 a - a +0 war axe
 v - a +2 hand axe of chopping (weapon)
Missiles
 d - a throwing net (quivered)
 s - 19 sling bullets
Armour
 b - a +0 leather armour
 c - a +0 helmet (worn)
 i - a +0 pair of boots (worn)
 t - a cursed +0 large shield (worn)
 w - a cursed -2 leather armour (worn)
Jewellery
 p - a ring of magical power (left hand)
Scrolls
 e - 2 scrolls of fear {unknown}
 g - a scroll of noise {unknown}
 j - 6 scrolls of identify {unknown}
 k - 5 scrolls of remove curse {unknown}
 l - 3 scrolls of amnesia {unknown}
 o - 2 scrolls of teleportation {unknown}
 q - a scroll of blinking {unknown}
Potions
 m - a potion of mutation {unknown}
 n - a potion of brilliance {unknown}
Comestibles
 f - 2 bread rations
 r - 2 meat rations


   Skills:
 + Level 2.2 Fighting
 + Level 3.4 Axes
 + Level 1.7 Throwing
 + Level 2.0 Armour
 + Level 3.2 Dodging
 + Level 0.2 Stealth
 + Level 0.8 Shields


You had 3 spell levels left.
You didn't know any spells.

Dungeon Overview and Level Annotations

Branches:
Dungeon (4/15)
 Temple: D:4-7

Altars:
Kikubaaqudgha
Ru
The Shining One

Annotations:
D:3 1 runed door


Innate Abilities, Weirdness & Mutations

You have sharp toenails.
You are partially covered in molten scales. (AC +2)


Message History

The ogre struggles against the net.
You catch the helpless ogre completely off-guard!
You hit the ogre.
The ogre is severely wounded.
You hit the worker ant. You hit the hound skeleton.
* * * LOW HITPOINT WARNING * * *
You feel sick. You block the worker ant's attack.
The hound skeleton bites you but does no damage.
The ogre struggles against the net.
You block the worker ant's attack.
You strike the helpless ogre from behind!
You hit the ogre.
The ogre is almost dead.
You hit the worker ant. You hit the hound skeleton.
You destroy the hound skeleton!
Your Armour skill increases to level 2!
* * * LOW HITPOINT WARNING * * *
You feel sick.
The ogre struggles against the net.
You block the worker ant's attack.
It was a potion of cancellation.
You feel magically purged.
You die...

#...# #...#
#...# #...#
#.<.# #...#
#######...#####
......a..[......
(.....O@........
...........[....
#######...#####.
#...# .....
....#. ....#.#
.....# #


You could see an ogre (caught) and a worker ant.

Vanquished Creatures
  A hound skeleton (D:4)
  An adder (D:3)
  A worm (D:3)
  2 dart slugs (D:3)
  3 leopard geckos
  9 orcs (D:3)
  2 giant cockroaches
  6 goblins
  4 hobgoblins
  9 jackals
  7 kobolds
  A quokka (D:2)
  A ball python (D:1)
  4 bats
  6 rats
57 creatures vanquished.

Notes
Turn   | Place    | Note
-------+----------+-------------------------------------------
     0 | D:1      | slep the Demonspawn Gladiator began the quest for the Orb.
     0 | D:1      | Reached XP level 1. HP: 16/16 MP: 1/1
   224 | D:1      | Gained mutation: You have sharp toenails. [demonic ancestry]
   224 | D:1      | Reached XP level 2. HP: 7/22 MP: 2/2
  1088 | D:2      | Reached skill level 1 in Armour
  1469 | D:3      | Reached XP level 3. HP: 27/27 MP: 3/3
  1579 | D:3      | Found a runed door.
  1684 | D:3      | Found a sacrificial altar of Ru.
  1744 | D:3      | Gained mutation: You are partially covered in molten scales. (AC +2) [demonic ancestry]
  1744 | D:3      | Reached XP level 4. HP: 12/33 MP: 4/4
  1776 | D:3      | Found a glowing golden altar of the Shining One.
  1777 | D:3      | Noticed an angel
  2259 | D:3      | Found an ancient bone altar of Kikubaaqudgha.
  2328 | D:4      | Noticed an ogre
  2342 | D:4      | HP: 1/33 [poisoned by a worker ant]
  2343 | D:4      | Succumbed to a worker ant's poison

Vault maps used:
D:1:      nagdon_arrival_double_spiral, minmay_misc_feat_roman, fountainhead
D:3:      old_standard_altar, lemuel_coloured_pillars_altar, first_bread,
          lemuel_angel_altar

Skill      XL: |  1  2  3  4 |
---------------+-------------+-----
Axes           | 3 |  3.4
Dodging        | 3 |  3.2
Armour         | 1 2 |  2.0
Fighting       | |  2.2
Throwing       | |  1.7
Stealth        | |  0.2
Shields        | |  0.8

Action                   |  1- 3 |  4- 6 || total
-------------------------+-------+-------++-------
Melee: War axe           |   100 |       ||   100
       Hand axe          |    27 |    31 ||    58
Throw: Throwing net      |       |     2 ||     2
  Use: Potion            |       |     1 ||     1
 Stab: Sleeping          |     1 |       ||     1
       Held in net/web   |       |     2 ||     2
  Eat: Chunk             |     3 |     1 ||     4
Armor: Leather armour    |    32 |    12 ||    44
Dodge: Dodged            |    76 |     5 ||    81
Block: Large shield      |    28 |    35 ||    63

Table legend:
 A = Spawn XP
 B = Non-spawn XP
 C = Spawn XP percentage of total XP
 D = Spawn monster count
 E = Non-spawn monster count
 F = Spawn count percentage of total count
 G = Total turns spent on level
                    A         B        C        D         E        F      G
               +---------+---------+-------+---------+---------+-------+---------
         Total |       0 |     146 |   0.0 |       0 |      57 |   0.0 |  2343
               +---------+---------+-------+---------+---------+-------+---------
           D:1 |       0 |      23 |   0.0 |       0 |      16 |   0.0 |   988
           D:2 |       0 |      17 |   0.0 |       0 |       8 |   0.0 |   462
           D:3 |       0 |      88 |   0.0 |       0 |      32 |   0.0 |   877
           D:4 |       0 |      18 |   0.0 |       0 |       1 |   0.0 |    16
               +---------+---------+-------+---------+---------+-------+---------
